AoeStats
← Eugenius

Arena

507217101Analyzed
4v4 RM · 15d ago on Sep 17, 2026· 28m 13s· 8 players
Game mode
Random Map
Map size
Large (8 player)
Population
200
Speed
Normal
Resources
Standard
Victory
Conquest
Starting age
Dark Age
Ending age
Imperial Age
RankedLock teamsTeams togetherTeam positionsShared explorationLock speedFull tech treeHidden civsTurbo modeCheats
Victory
Defeat
🇻🇳 Maya · Vietnam
1733
+9
🇺🇸 Italians · United States
1700
+10
🇦🇺 Koreans · Australia
1674
+11
🇵🇪 Gurjaras · Peru
1649
+13
🇹🇼 Chinese · Taiwan
1781
-18
🇿🇦 Lithuanians · South Africa
1509
-9
🇻🇳 Italians · Vietnam
1487
-8
quesarito
8:13 Feudal Age
8:41 Double-Bit Axe
17:37 Castle Age
15:48 Horse Collar
17:01 Fletching
17:11 Padded Archer Armor
18:15 Bodkin Arrow
18:32 Thumb Ring
20:07 Padded Archer Armor
19:35 Crossbowman
20:53 Gold Mining
22:51 Leather Archer Armor
23:43 Fortified Wall
23:54 Ballistics
23:48 Fortified Wall
24:20 Wheelbarrow
26:39 Hand Cart
Eugenius
11:28 Feudal Age
15:11 Castle Age
13:12 Gold Mining
22:04 Scale Barding Armor
23:15 Bloodlines
23:53 Husbandry
27:55 Chain Barding Armor
Ngoam_____
0:31 Loom
11:40 Feudal Age
12:50 Double-Bit Axe
15:10 Castle Age
13:16 Horse Collar
17:41 Bow Saw
24:36 Town Watch
26:13 Wheelbarrow
25:54 Stone Mining
25:55 Gold Mining
27:58 Hand Cart
Pez
YanShiba
0:25 Loom
我是软脚虾,求求你不要伤害我
9:58 Feudal Age
11:20 Double-Bit Axe
13:37 Castle Age
12:31 Horse Collar
15:41 Bow Saw
16:21 Heavy Plow
22:24 Gold Mining
22:29 Stone Mining
24:27 Wheelbarrow
25:40 Loom
28:27 Imperial Age
25:48 Town Watch
26:39 Ballistics
26:30 Masonry
26:20 Fletching
26:56 Bodkin Arrow
27:01 Padded Archer Armor
This is Kawaii
10:45 Feudal Age
14:13 Castle Age
12:39 Double-Bit Axe
13:29 Horse Collar
15:50 Bow Saw
15:48 Heavy Plow
16:33 Loom
23:48 Wheelbarrow
23:42 Gold Mining
29:49 Imperial Age
Pielover757
10:12 Feudal Age
13:49 Castle Age
12:00 Double-Bit Axe
22:25 Loom
Connection lost

Rejoining the realm…

Still unreachable

The connection could not be restored.

Session expired

The server has moved on; the page needs a fresh start.